EDMONTON Oilers vs MINNESOTA Wild

Created - 5 février 2019 at 16:12

Goals
1 2 3 T
EDMONTON Oilers 1 1 1 3
MINNESOTA Wild 1 2 3 6
Shots
1 2 3 T
EDMONTON Oilers 10 9 7 26
MINNESOTA Wild 9 16 21 46

1st period

1. MINNESOTA Wild , Nikita Kucherov 30 (Marc-Edouard Vlasic 15) at 7:09
2. EDMONTON Oilers , Sam Gagner 19 (Andrew Shaw 20, Niklas Hjalmarsson 20) at 8:42

Penalties :
Andrew Shaw (EDM) for Hooking (Minor) at 17:40

2nd period

3. MINNESOTA Wild , Ryan Getzlaf 11 (Alex Pietrangelo 36, Marc-Edouard Vlasic 16) at 7:41
4. MINNESOTA Wild , Vladislav Namestnikov 5 (Yanni Gourde 12, Ron Hainsey 20) at 11:25
5. EDMONTON Oilers , Andrew Shaw 10 (Josh Morrissey 25, Sam Gagner 19) at 17:03 (PP)

Penalties :
Ryan Getzlaf (MIN) for Roughing (Minor) at 16:46

3rd period

6. MINNESOTA Wild , Taylor Hall 24 (J.T. Miller 19, Sean Monahan 29) at 11:11
7. EDMONTON Oilers , Mark Letestu 8 (Brad Hunt 16, Brian Flynn 7) at 13:40
8. MINNESOTA Wild , Taylor Hall 25 (Sean Monahan 30, Ron Hainsey 21) at 19:19 (Empty Net)
9. MINNESOTA Wild , Yanni Gourde 11 (Vladislav Namestnikov 14, Mark Borowiecki 8) at 19:45

Penalties :
No Penalty

Goalie Stats

Sergei Bobrovsky (EDM), 40 saves from 45 shots - (0,889), L, 19-19-5, 59:42 minutes
Pekka Rinne (MIN), 23 saves from 26 shots - (0,885), W, 26-8-2, 60:00 minutes

Players Stats for EDMONTON Oilers

Player Name              G  A  P  +/- PIM S  H  SB GA TA FO     MP     PP MP  PK MP  
------------------------------------------------------------------------------------
Andrew Shaw              1  1  2  -1  2   3  1  1  0  0  0/0    13:29   0:17   0:00 
Brad Hunt                0  1  1  -1  0   0  0  1  0  0  0/0    20:32   0:00   0:21 
Brian Flynn              0  1  1   0  0   2  1  1  0  0  1/2    18:26   0:00   0:49 
Casey Bailey             0  0  0   0  0   0  0  0  0  0  0/0     0:55   0:00   0:22 
Cody Franson             0  0  0  -3  0   1  4  3  0  0  0/0    23:38   0:17   1:16 
David Desharnais         0  0  0  -2  0   0  1  0  0  0  7/15   10:47   0:00   0:00 
Jason Spezza             0  0  0  -4  0   1  0  0  0  0  8/21   24:10   0:17   0:27 
Jimmy Vesey              0  0  0   0  0   2  1  0  0  0  0/1    17:44   0:00   0:47 
Jordan Eberle            0  0  0  -1  0   5  0  0  0  0  1/2    17:30   0:00   0:43 
Josh Morrissey           0  1  1  -2  0   0  6  1  0  0  0/0    27:42   0:17   1:16 
Leo Komarov              0  0  0  -1  0   0  6  3  0  0  1/3    17:14   0:00   0:27 
Madison Bowey            0  0  0  -2  0   0  1  1  0  0  0/0    24:55   0:00   0:05 
Mark Letestu             1  0  1   0  0   4  3  0  0  0  10/27  17:05   0:00   0:00 
Matt Irwin               0  0  0  -1  0   0  3  2  0  0  0/0    15:47   0:00   0:38 
Mike Hoffman             0  0  0  -3  0   2  1  0  0  0  12/25  27:50   0:00   0:45 
Niklas Hjalmarsson       0  1  1   1  0   1  0  0  0  0  0/0     5:51   0:00   0:00 
Sam Gagner               1  1  2  -1  0   5  0  0  0  0  0/2    13:30   0:17   0:00 
Travis Morin             0  0  0   1  0   0  0  0  0  0  2/2     0:55   0:00   0:00 

Players Stats for MINNESOTA Wild

Player Name              G  A  P  +/- PIM S  H  SB GA TA FO     MP     PP MP  PK MP  
------------------------------------------------------------------------------------
Alex Pietrangelo         0  1  1   3  0   4  2  0  0  0  0/0    26:23   0:50   0:17 
Alexander Kerfoot        0  0  0   0  0   0  0  0  0  0  0/0     4:05   0:13   0:00 
J.T. Miller              0  1  1   1  0   1  1  0  0  0  1/2    20:12   0:45   0:00 
James van Riemsdyk       0  0  0   1  0   4  1  0  0  0  0/2    23:03   0:45   0:00 
Jean-Gabriel Pageau      0  0  0   0  0   0  2  0  0  0  3/4     3:52   0:00   0:00 
Joel Armia               0  0  0   0  0   0  1  0  0  0  0/0     4:09   0:00   0:17 
Kyle Okposo              0  0  0   2  0   2  0  0  0  0  1/2    12:07   0:00   0:00 
Marc-Edouard Vlasic      0  2  2   3  0   0  1  0  0  0  0/0    26:18   0:45   0:17 
Mark Borowiecki          0  1  1   1  0   0  2  0  0  0  0/0    14:29   0:00   0:00 
Morgan Rielly            0  0  0   1  0   1  0  0  0  0  0/0    15:43   1:14   0:00 
Nikita Kucherov          1  0  1   1  0   1  0  0  0  0  0/1    23:32   1:14   0:00 
Ron Hainsey              0  2  2   0  0   4  0  3  0  0  0/0    18:23   0:24   0:00 
Ryan Getzlaf             1  0  1   1  2   6  1  0  0  0  21/31  22:17   0:00   0:00 
Sean Monahan             0  2  2   1  0   6  2  0  0  0  20/34  20:12   0:45   0:00 
Taylor Hall              2  0  2   1  0   8  0  0  0  0  0/1    20:28   1:01   0:00 
Vladislav Namestnikov    1  1  2   2  0   5  2  0  0  0  11/19  12:07   0:00   0:00 
Yanni Gourde             1  1  2   2  0   4  0  0  0  0  1/4    13:38   1:14   0:17 
Zach Werenski            0  0  0   0  0   0  0  0  0  0  0/0    18:44   0:45   0:00 

3 Stars

1 - Vladislav Namestnikov (MIN)
2 - Taylor Hall (MIN)
3 - Yanni Gourde (MIN)

Power Play

EDMONTON Oilers - 1 on 1 Attempt(s) - 100,00%
MINNESOTA Wild - 0 on 1 Attempt(s) - 0,00%

Penalty Kill

EDMONTON Oilers - 1 on 1 Attempt(s) - 100,00% - Score 0 goal in Penalty Kill
MINNESOTA Wild - 0 on 1 Attempt(s) - 0,00% - Score 0 goal in Penalty Kill

Team Stat

EDMONTON Oilers - Hits : 28 - Faceoff Wins : 42 - Blocked Shots : 13 - Penalty Minutes : 2
MINNESOTA Wild - Hits : 15 - Faceoff Wins : 58 - Blocked Shots : 3 - Penalty Minutes : 2

Official

Referees : Unknown
Linesman : Unknown

Game Notes

Niklas Hjalmarsson is injured at 14:55 of 1st period (Upper Body)
Taylor Hall has scored in a empty net!

Finance

Level 1 -- Attendance: 5033 (77,43%) -- Ticket Income 513 366 $
Level 2 -- Attendance: 4596 (76,60%) -- Ticket Income 280 356 $
Level 3 -- Attendance: 2185 (72,83%) -- Ticket Income 74 290 $
Level 4 -- Attendance: 2871 (71,78%) -- Ticket Income 71 775 $
Luxury Box -- Attendance: 804 (80,40%) -- Ticket Income 165 624 $
Game was played at the Xcel Energy Center.
Total Attendance: 15489 (75,56%)
Total Ticket Income: 1 105 411 $
Other Income: 431 110 $
Total Income: 1 536 521 $

EDMONTON Oilers

5 vs 5 Forward 
   Center                   Left Wing                Right Wing               Time % Phy DF OF 
 1 Mike Hoffman             Leo Komarov              Jordan Eberle            27     0   0  5  
 2 Jason Spezza             Sam Gagner               Andrew Shaw              25     3   0  2  
 3 Mark Letestu             Jimmy Vesey              Brian Flynn              24     1   2  2  
 4 David Desharnais         Jason Spezza             Mike Hoffman             24     1   2  2  

5 vs 5 Defense 
   Defense                  Defense                                           Time % Phy DF OF 
 1 Josh Morrissey           Niklas Hjalmarsson                                30     1   2  2  
 2 Matt Irwin               Cody Franson                                      28     1   2  2  
 3 Brad Hunt                Madison Bowey                                     28     1   2  2  
 4 Josh Morrissey           Niklas Hjalmarsson                                14     1   2  2  

PowerPlay Forward 
   Center                   Left Wing                Right Wing               Time % Phy DF OF 
 1 Mike Hoffman             Leo Komarov              Jordan Eberle            60     1   2  2  
 2 Jason Spezza             Sam Gagner               Andrew Shaw              40     1   2  2  

PowerPlay Defense
   Defense                  Defense                                           Time % Phy DF OF 
 1 Josh Morrissey           Niklas Hjalmarsson                                60     1   2  2  
 2 Madison Bowey            Cody Franson                                      40     1   2  2  

Penalty Kill 4 Players Forward 
   Center                   Wing                     Time % Phy DF OF 
 1 Mike Hoffman             Jordan Eberle            60     1   2  2  
 2 Leo Komarov              Jason Spezza             40     1   2  2  

Penalty Kill 4 Players Defense
   Defense                  Defense                  Time % Phy DF OF 
 1 Josh Morrissey           Niklas Hjalmarsson       60     1   2  2  
 2 Madison Bowey            Cody Franson             40     1   2  2  

Penalty Kill - 3 Players Forward 
   Forward                                           Time % Phy DF OF 
 1 Mike Hoffman                                      60     1   2  2  
 2 Jordan Eberle                                     40     1   2  2  

Penalty Kill - 3 Players Defense
   Defense                  Defense                  Time % Phy DF OF 
 1 Josh Morrissey           Niklas Hjalmarsson       60     1   2  2  
 2 Madison Bowey            Cody Franson             40     1   2  2  

4 vs 4 Forward 
   Center                   Wing                     Time % Phy DF OF 
 1 Mike Hoffman             Jordan Eberle            60     1   2  2  
 2 Leo Komarov              Jason Spezza             40     1   2  2  

4 vs 4 Defense
   Defense                  Defense                  Time % Phy DF OF 
 1 Josh Morrissey           Niklas Hjalmarsson       60     1   2  2  
 2 Madison Bowey            Cody Franson             40     1   2  2  

Last Minutes Offensive
   Center                   Left Wing                Right Wing               Defense                  Defense                  
   Mike Hoffman             Leo Komarov              Jordan Eberle            Josh Morrissey           Niklas Hjalmarsson       

Last Minutes Defensive
   Center                   Left Wing                Right Wing               Defense                  Defense                  
   Mike Hoffman             Leo Komarov              Jordan Eberle            Josh Morrissey           Niklas Hjalmarsson       

Goaltenders
Starting : Sergei Bobrovsky         
Backup : Antti Niemi              

Extra Forwards
Normal : Travis Morin, Mark Letestu, Jimmy Vesey - PP : Travis Morin, Mark Letestu - PK : Jimmy Vesey
Extra Defensemen
Normal : Josh Morrissey, Madison Bowey, Niklas Hjalmarsson - PP : Niklas Hjalmarsson - PK : Madison Bowey, Josh Morrissey
Penalty Shots
Mike Hoffman, Jordan Eberle, Leo Komarov, Jason Spezza, Sam Gagner

MINNESOTA Wild

5 vs 5 Forward 
   Center                   Left Wing                Right Wing               Time % Phy DF OF 
 1 Ryan Getzlaf             James van Riemsdyk       Nikita Kucherov          40     0   1  4  
 2 Sean Monahan             Taylor Hall              J.T. Miller              34     1   1  3  
 3 Vladislav Namestnikov    Yanni Gourde             Kyle Okposo              20     0   2  3  
 4 Jean-Gabriel Pageau      Alexander Kerfoot        Joel Armia               6      1   3  1  

5 vs 5 Defense 
   Defense                  Defense                                           Time % Phy DF OF 
 1 Alex Pietrangelo         Marc-Edouard Vlasic                               40     1   2  2  
 2 Ron Hainsey              Zach Werenski                                     30     1   2  2  
 3 Morgan Rielly            Mark Borowiecki                                   20     1   2  2  
 4 Alex Pietrangelo         Marc-Edouard Vlasic                               10     1   2  2  

PowerPlay Forward 
   Center                   Left Wing                Right Wing               Time % Phy DF OF 
 1 Yanni Gourde             Taylor Hall              Nikita Kucherov          60     0   0  5  
 2 Sean Monahan             James van Riemsdyk       J.T. Miller              40     0   1  4  

PowerPlay Defense
   Defense                  Defense                                           Time % Phy DF OF 
 1 Alex Pietrangelo         Morgan Rielly                                     60     0   1  4  
 2 Zach Werenski            Marc-Edouard Vlasic                               40     0   2  3  

Penalty Kill 4 Players Forward 
   Center                   Wing                     Time % Phy DF OF 
 1 Yanni Gourde             Joel Armia               60     1   3  1  
 2 Ryan Getzlaf             Jean-Gabriel Pageau      40     0   4  1  

Penalty Kill 4 Players Defense
   Defense                  Defense                  Time % Phy DF OF 
 1 Alex Pietrangelo         Marc-Edouard Vlasic      60     1   3  1  
 2 Ron Hainsey              Morgan Rielly            40     1   3  1  

Penalty Kill - 3 Players Forward 
   Forward                                           Time % Phy DF OF 
 1 Ryan Getzlaf                                      55     1   4  0  
 2 Yanni Gourde                                      45     0   4  1  

Penalty Kill - 3 Players Defense
   Defense                  Defense                  Time % Phy DF OF 
 1 Alex Pietrangelo         Marc-Edouard Vlasic      60     1   4  0  
 2 Ron Hainsey              Morgan Rielly            40     1   4  0  

4 vs 4 Forward 
   Center                   Wing                     Time % Phy DF OF 
 1 Taylor Hall              Yanni Gourde             60     0   2  3  
 2 Ryan Getzlaf             Nikita Kucherov          40     0   0  5  

4 vs 4 Defense
   Defense                  Defense                  Time % Phy DF OF 
 1 Ron Hainsey              Marc-Edouard Vlasic      60     1   3  1  
 2 Alex Pietrangelo         Morgan Rielly            40     0   2  3  

Last Minutes Offensive
   Center                   Left Wing                Right Wing               Defense                  Defense                  
   Ryan Getzlaf             Taylor Hall              Nikita Kucherov          Alex Pietrangelo         Morgan Rielly            

Last Minutes Defensive
   Center                   Left Wing                Right Wing               Defense                  Defense                  
   Ryan Getzlaf             Yanni Gourde             Jean-Gabriel Pageau      Alex Pietrangelo         Marc-Edouard Vlasic      

Goaltenders
Starting : Pekka Rinne              
Backup : John Gibson              

Extra Forwards
Normal : Vladislav Namestnikov, Yanni Gourde, Taylor Hall - PP : Nikita Kucherov, Yanni Gourde - PK : Jean-Gabriel Pageau
Extra Defensemen
Normal : Mark Borowiecki, Morgan Rielly, Ron Hainsey - PP : Ron Hainsey - PK : Zach Werenski, Mark Borowiecki
Penalty Shots
Nikita Kucherov, James van Riemsdyk, Taylor Hall, Sean Monahan, Alex Pietrangelo


% Time on Ice - EDMONTON Oilers

Lines # - Real PCT - Wanted PCT - Time Play
Normal Forward
1 - 29% - 27% - 16:47
2 - 23% - 25% - 13:13
3 - 29% - 24% - 16:57
4 - 19% - 24% - 10:47
Normal Defense
1 - 35% - 30% - 19:57
2 - 24% - 28% - 14:06
3 - 26% - 28% - 15:12
4 - 15% - 14% - 8:29
PP Forward
1 - 0% - 60% - 0:00
2 - 100% - 40% - 0:17
PP Defense
1 - 100% - 60% - 0:17
2 - 0% - 40% - 0:00
PK Forward
1 - 77% - 60% - 1:32
2 - 23% - 40% - 0:27
PK Defense
1 - 100% - 60% - 1:59
2 - 0% - 40% - 0:00
PK3 Forward
1 - 0% - 60%
2 - 0% - 40%
PK3 Defense
1 - 0% - 60%
2 - 0% - 40%
44 Forward
1 - 0% - 60%
2 - 0% - 40%
44 Defense
1 - 0% - 60%
2 - 0% - 40%
Last Minute Offensive  - 0:00
Last Minute Defensive  - 0:00
Total
Forward - 60:00
Defense - 60:00

% Time on Ice - MINNESOTA Wild

Lines # - Real PCT - Wanted PCT - Time Play
Normal Forward
1 - 39% - 40% - 22:18
2 - 34% - 34% - 19:27
3 - 21% - 20% - 12:07
4 - 7% - 6% - 3:52
Normal Defense
1 - 37% - 40% - 21:27
2 - 31% - 30% - 17:59
3 - 25% - 20% - 14:29
4 - 7% - 10% - 3:49
PP Forward
1 - 62% - 60% - 1:14
2 - 38% - 40% - 0:45
PP Defense
1 - 62% - 60% - 1:14
2 - 38% - 40% - 0:45
PK Forward
1 - 100% - 60% - 0:17
2 - 0% - 40% - 0:00
PK Defense
1 - 100% - 60% - 0:17
2 - 0% - 40% - 0:00
PK3 Forward
1 - 0% - 55%
2 - 0% - 45%
PK3 Defense
1 - 0% - 60%
2 - 0% - 40%
44 Forward
1 - 0% - 60%
2 - 0% - 40%
44 Defense
1 - 0% - 60%
2 - 0% - 40%
Last Minute Offensive  - 0:00
Last Minute Defensive  - 0:00
Total
Forward - 60:00
Defense - 60:00

Play-by-Play

1st period


0:01 of 1st period - Ryan Getzlaf wins face-off versus Mike Hoffman in neutral zone.
0:35 of 1st period - Shot by Nikita Kucherov.
0:35 of 1st period - Deflect By Ryan Getzlaf.
0:35 of 1st period - Shot Misses the Net.
1:12 of 1st period - Sam Gagner is hit by Sean Monahan and loses puck.
1:21 of 1st period - Shot by Sean Monahan.
1:21 of 1st period - Stopped by Sergei Bobrovsky with a rebound.
1:23 of 1st period - Shot by Zach Werenski.
1:23 of 1st period - Shot Misses the Net.
1:25 of 1st period - Shot by Taylor Hall.
1:25 of 1st period - Stopped by Sergei Bobrovsky without a rebound.
1:26 of 1st period - Vladislav Namestnikov wins face-off versus Mark Letestu in EDMONTON Oilers zone.
3:35 of 1st period - Ron Hainsey is hit by David Desharnais and loses puck.
3:46 of 1st period - Shot by Zach Werenski.
3:46 of 1st period - Shot Misses the Net.
3:48 of 1st period - Shot by J.T. Miller.
3:48 of 1st period - Shot Misses the Net.
3:54 of 1st period - Shot by Taylor Hall.
3:54 of 1st period - Stopped by Sergei Bobrovsky without a rebound.
3:55 of 1st period - Travis Morin wins face-off versus Ryan Getzlaf in EDMONTON Oilers zone.
3:59 of 1st period - Off-side.
4:00 of 1st period - Ryan Getzlaf wins face-off versus Mark Letestu in neutral zone.
4:02 of 1st period - Nikita Kucherov is hit by Madison Bowey and loses puck.
4:19 of 1st period - Shot by Ryan Getzlaf.
4:19 of 1st period - Shot Misses the Net.
5:23 of 1st period - Shot by Sean Monahan.
5:23 of 1st period - Shot Misses the Net.
5:25 of 1st period - Shot by J.T. Miller.
5:25 of 1st period - Deflect By Sean Monahan.
5:25 of 1st period - Shot Misses the Net.
5:50 of 1st period - Off-side.
5:51 of 1st period - Jean-Gabriel Pageau wins face-off versus Mike Hoffman in neutral zone.
5:51 of 1st period - Jean-Gabriel Pageau is hit by Leo Komarov.
6:19 of 1st period - Mike Hoffman is hit by Mark Borowiecki and loses puck.
7:09 of 1st period - Shot by Nikita Kucherov.
7:09 of 1st period - Goal by Nikita Kucherov - EDMONTON Oilers : 0 - MINNESOTA Wild : 1.
7:10 of 1st period - David Desharnais wins face-off versus Ryan Getzlaf in neutral zone.
7:31 of 1st period - Shot by David Desharnais.
7:31 of 1st period - Shot Misses the Net.
7:54 of 1st period - Shot by Nikita Kucherov.
7:54 of 1st period - Shot Misses the Net.
8:34 of 1st period - Shot by Sam Gagner.
8:34 of 1st period - Shot Blocked by Ron Hainsey.
8:40 of 1st period - Shot by Andrew Shaw.
8:40 of 1st period - Shot Blocked by Ron Hainsey.
8:42 of 1st period - Shot by Sam Gagner.
8:42 of 1st period - Goal by Sam Gagner - EDMONTON Oilers : 1 - MINNESOTA Wild : 1.
8:43 of 1st period - Mark Letestu wins face-off versus Vladislav Namestnikov in neutral zone.
8:50 of 1st period - Shot by Leo Komarov.
8:50 of 1st period - Deflect By Jordan Eberle.
8:50 of 1st period - Stopped by Pekka Rinne without a rebound.
8:51 of 1st period - Travis Morin wins face-off versus Yanni Gourde in MINNESOTA Wild zone.
9:06 of 1st period - Shot by Jordan Eberle.
9:06 of 1st period - Stopped by Pekka Rinne without a rebound.
9:07 of 1st period - Mark Letestu wins face-off versus Ryan Getzlaf in MINNESOTA Wild zone.
9:18 of 1st period - Shot by Mark Letestu.
9:18 of 1st period - Stopped by Pekka Rinne with a rebound.
9:20 of 1st period - Shot by Brian Flynn.
9:20 of 1st period - Stopped by Pekka Rinne without a rebound.
9:21 of 1st period - Sean Monahan wins face-off versus Jason Spezza in MINNESOTA Wild zone.
9:32 of 1st period - Shot by J.T. Miller.
9:32 of 1st period - Deflect By Sean Monahan.
9:32 of 1st period - Stopped by Sergei Bobrovsky without a rebound.
9:33 of 1st period - Ryan Getzlaf wins face-off versus Jordan Eberle in EDMONTON Oilers zone.
10:37 of 1st period - Shot by Sam Gagner.
10:37 of 1st period - Stopped by Pekka Rinne without a rebound.
10:38 of 1st period - Mark Letestu wins face-off versus Sean Monahan in MINNESOTA Wild zone.
11:03 of 1st period - Shot by Sean Monahan.
11:03 of 1st period - Stopped by Sergei Bobrovsky without a rebound.
11:04 of 1st period - Jason Spezza wins face-off versus Vladislav Namestnikov in EDMONTON Oilers zone.
11:04 of 1st period - Jason Spezza is hit by Vladislav Namestnikov.
11:24 of 1st period - Shot by Yanni Gourde.
11:24 of 1st period - Shot Blocked by Andrew Shaw.
11:34 of 1st period - Shot by Vladislav Namestnikov.
11:34 of 1st period - Stopped by Sergei Bobrovsky without a rebound.
11:35 of 1st period - Sean Monahan wins face-off versus Mike Hoffman in EDMONTON Oilers zone.
11:36 of 1st period - Shot by Marc-Edouard Vlasic.
11:36 of 1st period - Shot Misses the Net.
11:38 of 1st period - Shot by Marc-Edouard Vlasic.
11:38 of 1st period - Shot Misses the Net.
11:40 of 1st period - Shot by Alex Pietrangelo.
11:40 of 1st period - Stopped by Sergei Bobrovsky without a rebound.
11:41 of 1st period - Ryan Getzlaf wins face-off versus Mike Hoffman in EDMONTON Oilers zone.
11:51 of 1st period - Off-side.
11:52 of 1st period - Sean Monahan wins face-off versus Jason Spezza in neutral zone.
11:57 of 1st period - Shot by Sean Monahan.
11:57 of 1st period - Shot Blocked by Matt Irwin.
12:35 of 1st period - Shot by Taylor Hall.
12:35 of 1st period - Shot Blocked by Matt Irwin.
12:40 of 1st period - Jason Spezza is hit by Marc-Edouard Vlasic and loses puck.
12:48 of 1st period - Icing by Marc-Edouard Vlasic.
12:49 of 1st period - Sean Monahan wins face-off versus Mike Hoffman in MINNESOTA Wild zone.
13:09 of 1st period - Ron Hainsey is hit by Leo Komarov and loses puck.
13:16 of 1st period - Shot by Mike Hoffman.
13:16 of 1st period - Stopped by Pekka Rinne with a rebound.
13:18 of 1st period - Shot by Niklas Hjalmarsson.
13:18 of 1st period - Stopped by Pekka Rinne without a rebound.
13:19 of 1st period - Mark Letestu wins face-off versus Vladislav Namestnikov in MINNESOTA Wild zone.
13:36 of 1st period - Shot by Mark Borowiecki.
13:36 of 1st period - Shot Misses the Net.
13:54 of 1st period - Yanni Gourde is hit by Brian Flynn and loses puck.
14:16 of 1st period - Zach Werenski is hit by Mark Letestu and loses puck.
14:29 of 1st period - Shot by Ryan Getzlaf.
14:29 of 1st period - Shot Hit the Post.
14:32 of 1st period - Icing by Josh Morrissey.
14:33 of 1st period - David Desharnais wins face-off versus Sean Monahan in EDMONTON Oilers zone.
14:54 of 1st period - Niklas Hjalmarsson is hit by Sean Monahan and loses puck.
14:55 of 1st period - Niklas Hjalmarsson from EDMONTON Oilers is injured at 14:55 of 1st period (Upper Body).
14:56 of 1st period - Mike Hoffman wins face-off versus Ryan Getzlaf in EDMONTON Oilers zone.
15:11 of 1st period - Shot by Jordan Eberle.
15:11 of 1st period - Shot Misses the Net.
16:14 of 1st period - Shot by Sam Gagner.
16:14 of 1st period - Stopped by Pekka Rinne without a rebound.
16:15 of 1st period - Jean-Gabriel Pageau wins face-off versus Mark Letestu in MINNESOTA Wild zone.
16:27 of 1st period - Jimmy Vesey is hit by Mark Borowiecki.
16:37 of 1st period - Shot by Mark Letestu.
16:37 of 1st period - Shot Misses the Net.
16:39 of 1st period - Shot by Cody Franson.
16:39 of 1st period - Stopped by Pekka Rinne without a rebound.
16:40 of 1st period - Sean Monahan wins face-off versus Mike Hoffman in MINNESOTA Wild zone.
16:51 of 1st period - Shot by Taylor Hall.
16:51 of 1st period - Shot Misses the Net.
16:53 of 1st period - Shot by Marc-Edouard Vlasic.
16:53 of 1st period - Shot Misses the Net.
17:17 of 1st period - Shot by Sean Monahan.
17:17 of 1st period - Shot Blocked by Leo Komarov.
17:19 of 1st period - Shot by Alex Pietrangelo.
17:19 of 1st period - Deflect By Sean Monahan.
17:19 of 1st period - Shot Misses the Net.
17:21 of 1st period - Shot by Taylor Hall.
17:21 of 1st period - Shot Misses the Net.
17:40 of 1st period - Minor Penalty to Andrew Shaw for Hooking.
17:41 of 1st period - Yanni Gourde wins face-off versus Jimmy Vesey in EDMONTON Oilers zone.
17:41 of 1st period - Yanni Gourde is hit by Josh Morrissey.
17:43 of 1st period - Shot by Alex Pietrangelo.
17:43 of 1st period - Shot Misses the Net.
19:10 of 1st period - Off-side.
19:11 of 1st period - Jordan Eberle wins face-off versus Yanni Gourde in neutral zone.
19:34 of 1st period - Shot by Morgan Rielly.
19:34 of 1st period - Stopped by Sergei Bobrovsky without a rebound.
19:35 of 1st period - Sean Monahan wins face-off versus Leo Komarov in EDMONTON Oilers zone.
Goals for this period are 1 for EDMONTON Oilers vs 1 for MINNESOTA Wild.
Shots for this period are 10 for EDMONTON Oilers vs 9 for MINNESOTA Wild.

2nd period


0:01 of 2nd period - David Desharnais wins face-off versus James van Riemsdyk in neutral zone.
1:02 of 2nd period - Shot by Taylor Hall.
1:02 of 2nd period - Stopped by Sergei Bobrovsky without a rebound.
1:03 of 2nd period - Vladislav Namestnikov wins face-off versus Mark Letestu in EDMONTON Oilers zone.
1:06 of 2nd period - Shot by Kyle Okposo.
1:06 of 2nd period - Stopped by Sergei Bobrovsky without a rebound.
1:07 of 2nd period - Sean Monahan wins face-off versus Mark Letestu in EDMONTON Oilers zone.
1:12 of 2nd period - Shot by Ron Hainsey.
1:12 of 2nd period - Stopped by Sergei Bobrovsky without a rebound.
1:13 of 2nd period - Mark Letestu wins face-off versus Sean Monahan in EDMONTON Oilers zone.
2:07 of 2nd period - Icing by Zach Werenski.
2:08 of 2nd period - Sean Monahan wins face-off versus Jason Spezza in MINNESOTA Wild zone.
2:10 of 2nd period - Icing by Taylor Hall.
2:11 of 2nd period - Sean Monahan wins face-off versus David Desharnais in MINNESOTA Wild zone.
2:43 of 2nd period - Shot by James van Riemsdyk.
2:43 of 2nd period - Stopped by Sergei Bobrovsky with a rebound.
2:45 of 2nd period - Shot by Alex Pietrangelo.
2:45 of 2nd period - Stopped by Sergei Bobrovsky without a rebound.
2:46 of 2nd period - Mark Letestu wins face-off versus Kyle Okposo in EDMONTON Oilers zone.
2:56 of 2nd period - Shot by Jimmy Vesey.
2:56 of 2nd period - Stopped by Pekka Rinne without a rebound.
2:57 of 2nd period - Ryan Getzlaf wins face-off versus Mark Letestu in MINNESOTA Wild zone.
3:10 of 2nd period - Shot by James van Riemsdyk.
3:10 of 2nd period - Stopped by Sergei Bobrovsky without a rebound.
3:11 of 2nd period - Vladislav Namestnikov wins face-off versus Jason Spezza in EDMONTON Oilers zone.
3:32 of 2nd period - Shot by Jason Spezza.
3:32 of 2nd period - Deflect By Sam Gagner.
3:32 of 2nd period - Shot Misses the Net.
3:36 of 2nd period - Shot by Andrew Shaw.
3:36 of 2nd period - Deflect By Jason Spezza.
3:36 of 2nd period - Stopped by Pekka Rinne without a rebound.
3:37 of 2nd period - Ryan Getzlaf wins face-off versus Mike Hoffman in MINNESOTA Wild zone.
3:39 of 2nd period - Nikita Kucherov is hit by Leo Komarov and loses puck.
3:47 of 2nd period - Off-side.
3:48 of 2nd period - Mark Letestu wins face-off versus Sean Monahan in neutral zone.
4:32 of 2nd period - Shot by Taylor Hall.
4:32 of 2nd period - Shot Misses the Net.
4:42 of 2nd period - Icing by Marc-Edouard Vlasic.
4:43 of 2nd period - Sean Monahan wins face-off versus David Desharnais in MINNESOTA Wild zone.
4:43 of 2nd period - Sean Monahan is hit by Mike Hoffman.
5:02 of 2nd period - Icing by Cody Franson.
5:03 of 2nd period - Ryan Getzlaf wins face-off versus David Desharnais in EDMONTON Oilers zone.
5:07 of 2nd period - James van Riemsdyk is hit by Matt Irwin and loses puck.
6:15 of 2nd period - Kyle Okposo is hit by Josh Morrissey and loses puck.
6:24 of 2nd period - Shot by Yanni Gourde.
6:24 of 2nd period - Shot Misses the Net.
6:29 of 2nd period - Icing by Josh Morrissey.
6:30 of 2nd period - J.T. Miller wins face-off versus Leo Komarov in EDMONTON Oilers zone.
6:59 of 2nd period - Shot by J.T. Miller.
6:59 of 2nd period - Stopped by Sergei Bobrovsky without a rebound.
7:00 of 2nd period - Ryan Getzlaf wins face-off versus Sam Gagner in EDMONTON Oilers zone.
7:01 of 2nd period - Shot by James van Riemsdyk.
7:01 of 2nd period - Shot Misses the Net.
7:03 of 2nd period - Shot by Ron Hainsey.
7:03 of 2nd period - Shot Misses the Net.
7:05 of 2nd period - Shot by Zach Werenski.
7:05 of 2nd period - Shot Misses the Net.
7:07 of 2nd period - Shot by Ryan Getzlaf.
7:07 of 2nd period - Shot Misses the Net.
7:09 of 2nd period - Shot by Ryan Getzlaf.
7:09 of 2nd period - Stopped by Sergei Bobrovsky with a rebound.
7:11 of 2nd period - Shot by Ron Hainsey.
7:11 of 2nd period - Stopped by Sergei Bobrovsky without a rebound.
7:12 of 2nd period - Vladislav Namestnikov wins face-off versus Mark Letestu in EDMONTON Oilers zone.
7:30 of 2nd period - Vladislav Namestnikov is hit by Cody Franson and loses puck.
7:35 of 2nd period - Shot by Yanni Gourde.
7:35 of 2nd period - Stopped by Sergei Bobrovsky without a rebound.
7:36 of 2nd period - Ryan Getzlaf wins face-off versus Jason Spezza in EDMONTON Oilers zone.
7:37 of 2nd period - Shot by Marc-Edouard Vlasic.
7:37 of 2nd period - Shot Blocked by Madison Bowey.
7:39 of 2nd period - Shot by Alex Pietrangelo.
7:39 of 2nd period - Stopped by Sergei Bobrovsky with a rebound.
7:41 of 2nd period - Shot by Ryan Getzlaf.
7:41 of 2nd period - Goal by Ryan Getzlaf - EDMONTON Oilers : 1 - MINNESOTA Wild : 2.
7:42 of 2nd period - Jason Spezza wins face-off versus Ryan Getzlaf in neutral zone.
7:56 of 2nd period - Icing by Marc-Edouard Vlasic.
7:57 of 2nd period - Ryan Getzlaf wins face-off versus Mark Letestu in MINNESOTA Wild zone.
7:57 of 2nd period - Ryan Getzlaf is hit by Mark Letestu.
8:15 of 2nd period - Nikita Kucherov is hit by Josh Morrissey and loses puck.
8:48 of 2nd period - Shot by Zach Werenski.
8:48 of 2nd period - Shot Blocked by Brian Flynn.
8:50 of 2nd period - Shot by Vladislav Namestnikov.
8:50 of 2nd period - Shot Misses the Net.
9:00 of 2nd period - Shot by Ron Hainsey.
9:00 of 2nd period - Stopped by Sergei Bobrovsky without a rebound.
9:01 of 2nd period - Jason Spezza wins face-off versus Sean Monahan in EDMONTON Oilers zone.
9:21 of 2nd period - Shot by Andrew Shaw.
9:21 of 2nd period - Stopped by Pekka Rinne with a rebound.
9:34 of 2nd period - Taylor Hall is hit by Cody Franson and loses puck.
10:41 of 2nd period - Ryan Getzlaf is hit by Josh Morrissey and loses puck.
10:54 of 2nd period - Shot by Jimmy Vesey.
10:54 of 2nd period - Shot Misses the Net.
10:56 of 2nd period - Shot by Josh Morrissey.
10:56 of 2nd period - Shot Misses the Net.
10:58 of 2nd period - Shot by Mark Letestu.
10:58 of 2nd period - Stopped by Pekka Rinne without a rebound.
10:59 of 2nd period - Kyle Okposo wins face-off versus David Desharnais in MINNESOTA Wild zone.
11:25 of 2nd period - Shot by Vladislav Namestnikov.
11:25 of 2nd period - Goal by Vladislav Namestnikov - EDMONTON Oilers : 1 - MINNESOTA Wild : 3.
11:26 of 2nd period - Mike Hoffman wins face-off versus Jean-Gabriel Pageau in neutral zone.
11:28 of 2nd period - Matt Irwin is hit by Joel Armia and loses puck.
13:28 of 2nd period - Vladislav Namestnikov is hit by Matt Irwin and loses puck.
13:31 of 2nd period - Shot by Yanni Gourde.
13:31 of 2nd period - Stopped by Sergei Bobrovsky without a rebound.
13:32 of 2nd period - Sean Monahan wins face-off versus Jason Spezza in EDMONTON Oilers zone.
13:35 of 2nd period - Shot by J.T. Miller.
13:35 of 2nd period - Shot Misses the Net.
13:55 of 2nd period - Shot by Alex Pietrangelo.
13:55 of 2nd period - Shot Misses the Net.
14:14 of 2nd period - Icing by Alex Pietrangelo.
14:15 of 2nd period - Mike Hoffman wins face-off versus Sean Monahan in MINNESOTA Wild zone.
14:17 of 2nd period - Jordan Eberle is hit by Alex Pietrangelo and loses puck.
14:22 of 2nd period - Shot by Leo Komarov.
14:22 of 2nd period - Shot Misses the Net.
14:24 of 2nd period - Shot by Jordan Eberle.
14:24 of 2nd period - Stopped by Pekka Rinne without a rebound.
14:25 of 2nd period - Mike Hoffman wins face-off versus Ryan Getzlaf in MINNESOTA Wild zone.
14:32 of 2nd period - Shot by Leo Komarov.
14:32 of 2nd period - Shot Blocked by Ron Hainsey.
14:42 of 2nd period - Shot by Jordan Eberle.
14:42 of 2nd period - Shot Misses the Net.
15:09 of 2nd period - Icing by Ryan Getzlaf.
15:10 of 2nd period - Ryan Getzlaf wins face-off versus Mark Letestu in MINNESOTA Wild zone.
15:22 of 2nd period - Off-side.
15:23 of 2nd period - Vladislav Namestnikov wins face-off versus Jason Spezza in neutral zone.
15:56 of 2nd period - Icing by Madison Bowey.
15:57 of 2nd period - Jason Spezza wins face-off versus Sean Monahan in EDMONTON Oilers zone.
16:43 of 2nd period - Icing by Matt Irwin.
16:44 of 2nd period - Mike Hoffman wins face-off versus James van Riemsdyk in EDMONTON Oilers zone.
16:46 of 2nd period - Minor Penalty to Ryan Getzlaf for Roughing.
16:47 of 2nd period - Jason Spezza wins face-off versus Yanni Gourde in MINNESOTA Wild zone.
17:03 of 2nd period - Shot by Andrew Shaw.
17:03 of 2nd period - Goal by Andrew Shaw - EDMONTON Oilers : 2 - MINNESOTA Wild : 3.
17:04 of 2nd period - Mike Hoffman wins face-off versus Nikita Kucherov in neutral zone.
17:30 of 2nd period - Icing by Zach Werenski.
17:31 of 2nd period - Jason Spezza wins face-off versus Ryan Getzlaf in MINNESOTA Wild zone.
18:06 of 2nd period - Shot by Andrew Shaw.
18:06 of 2nd period - Shot Misses the Net.
18:08 of 2nd period - Shot by Sam Gagner.
18:08 of 2nd period - Stopped by Pekka Rinne without a rebound.
18:09 of 2nd period - Mike Hoffman wins face-off versus Vladislav Namestnikov in MINNESOTA Wild zone.
18:12 of 2nd period - Shot by Jordan Eberle.
18:12 of 2nd period - Stopped by Pekka Rinne without a rebound.
18:13 of 2nd period - Mike Hoffman wins face-off versus Vladislav Namestnikov in MINNESOTA Wild zone.
18:26 of 2nd period - Shot by Vladislav Namestnikov.
18:26 of 2nd period - Stopped by Sergei Bobrovsky without a rebound.
18:27 of 2nd period - Sean Monahan wins face-off versus Mark Letestu in EDMONTON Oilers zone.
18:40 of 2nd period - Shot by Brian Flynn.
18:40 of 2nd period - Stopped by Pekka Rinne without a rebound.
18:41 of 2nd period - Vladislav Namestnikov wins face-off versus Mike Hoffman in MINNESOTA Wild zone.
18:49 of 2nd period - Icing by Josh Morrissey.
18:50 of 2nd period - Ryan Getzlaf wins face-off versus David Desharnais in EDMONTON Oilers zone.
19:47 of 2nd period - Icing by Marc-Edouard Vlasic.
19:48 of 2nd period - Ryan Getzlaf wins face-off versus Mark Letestu in MINNESOTA Wild zone.
19:58 of 2nd period - Icing by Cody Franson.
19:59 of 2nd period - Mark Letestu wins face-off versus Sean Monahan in EDMONTON Oilers zone.
Goals for this period are 1 for EDMONTON Oilers vs 2 for MINNESOTA Wild.
Shots for this period are 9 for EDMONTON Oilers vs 16 for MINNESOTA Wild.

3rd period


0:01 of 3rd period - Ryan Getzlaf wins face-off versus David Desharnais in neutral zone.
0:04 of 3rd period - David Desharnais is hit by James van Riemsdyk and loses puck.
0:38 of 3rd period - Shot by Ryan Getzlaf.
0:38 of 3rd period - Stopped by Sergei Bobrovsky without a rebound.
0:39 of 3rd period - Sean Monahan wins face-off versus Mark Letestu in EDMONTON Oilers zone.
0:39 of 3rd period - Zach Werenski is hit by Josh Morrissey and loses puck.
0:52 of 3rd period - Shot by Taylor Hall.
0:52 of 3rd period - Stopped by Sergei Bobrovsky without a rebound.
0:53 of 3rd period - Vladislav Namestnikov wins face-off versus Mike Hoffman in EDMONTON Oilers zone.
1:18 of 3rd period - Shot by Yanni Gourde.
1:18 of 3rd period - Shot Misses the Net.
1:20 of 3rd period - Shot by Yanni Gourde.
1:20 of 3rd period - Shot Misses the Net.
1:22 of 3rd period - Shot by Vladislav Namestnikov.
1:22 of 3rd period - Stopped by Sergei Bobrovsky without a rebound.
1:23 of 3rd period - Ryan Getzlaf wins face-off versus Jason Spezza in EDMONTON Oilers zone.
1:28 of 3rd period - Shot by James van Riemsdyk.
1:28 of 3rd period - Deflect By Ryan Getzlaf.
1:28 of 3rd period - Stopped by Sergei Bobrovsky with a rebound.
1:59 of 3rd period - Ryan Getzlaf is hit by Cody Franson and loses puck.
2:41 of 3rd period - Icing by Taylor Hall.
2:42 of 3rd period - Mike Hoffman wins face-off versus Sean Monahan in MINNESOTA Wild zone.
2:58 of 3rd period - Shot by J.T. Miller.
2:58 of 3rd period - Shot Misses the Net.
3:00 of 3rd period - Shot by Zach Werenski.
3:00 of 3rd period - Shot Blocked by Leo Komarov.
3:08 of 3rd period - Shot by Sean Monahan.
3:08 of 3rd period - Deflect By J.T. Miller.
3:08 of 3rd period - Shot Blocked by Leo Komarov.
3:47 of 3rd period - Icing by Mark Borowiecki.
3:48 of 3rd period - Vladislav Namestnikov wins face-off versus Jason Spezza in MINNESOTA Wild zone.
3:48 of 3rd period - Vladislav Namestnikov is hit by Andrew Shaw.
5:06 of 3rd period - Off-side.
5:07 of 3rd period - Mike Hoffman wins face-off versus Taylor Hall in neutral zone.
5:27 of 3rd period - Icing by Cody Franson.
5:28 of 3rd period - Jean-Gabriel Pageau wins face-off versus Mike Hoffman in EDMONTON Oilers zone.
5:28 of 3rd period - Jean-Gabriel Pageau is hit by Cody Franson.
5:51 of 3rd period - Mike Hoffman is hit by Jean-Gabriel Pageau and loses puck.
5:57 of 3rd period - Brad Hunt is hit by Jean-Gabriel Pageau and loses puck.
6:02 of 3rd period - Mark Borowiecki is hit by Leo Komarov.
6:30 of 3rd period - Shot by Sam Gagner.
6:30 of 3rd period - Stopped by Pekka Rinne without a rebound.
6:31 of 3rd period - Ryan Getzlaf wins face-off versus Mark Letestu in MINNESOTA Wild zone.
6:38 of 3rd period - Shot by Nikita Kucherov.
6:38 of 3rd period - Shot Misses the Net.
6:40 of 3rd period - Shot by Alex Pietrangelo.
6:40 of 3rd period - Shot Blocked by Josh Morrissey.
6:42 of 3rd period - Shot by Marc-Edouard Vlasic.
6:42 of 3rd period - Shot Misses the Net.
7:14 of 3rd period - Shot by James van Riemsdyk.
7:14 of 3rd period - Shot Misses the Net.
7:37 of 3rd period - Sean Monahan is hit by Matt Irwin.
7:57 of 3rd period - Shot by Andrew Shaw.
7:57 of 3rd period - Shot Misses the Net.
8:03 of 3rd period - Shot by Andrew Shaw.
8:03 of 3rd period - Stopped by Pekka Rinne without a rebound.
8:04 of 3rd period - Vladislav Namestnikov wins face-off versus Mike Hoffman in MINNESOTA Wild zone.
8:14 of 3rd period - Icing by Mark Borowiecki.
8:15 of 3rd period - Mike Hoffman wins face-off versus Vladislav Namestnikov in MINNESOTA Wild zone.
8:18 of 3rd period - Shot by Jordan Eberle.
8:18 of 3rd period - Stopped by Pekka Rinne with a rebound.
8:52 of 3rd period - Shot by Kyle Okposo.
8:52 of 3rd period - Shot Misses the Net.
8:54 of 3rd period - Shot by Mark Borowiecki.
8:54 of 3rd period - Shot Blocked by Cody Franson.
9:10 of 3rd period - Shot by Nikita Kucherov.
9:10 of 3rd period - Shot Misses the Net.
9:22 of 3rd period - Shot by Ryan Getzlaf.
9:22 of 3rd period - Stopped by Sergei Bobrovsky without a rebound.
9:23 of 3rd period - Sean Monahan wins face-off versus Jason Spezza in EDMONTON Oilers zone.
9:34 of 3rd period - Shot by Sean Monahan.
9:34 of 3rd period - Stopped by Sergei Bobrovsky without a rebound.
9:35 of 3rd period - Ryan Getzlaf wins face-off versus Mark Letestu in EDMONTON Oilers zone.
9:40 of 3rd period - Shot by Ryan Getzlaf.
9:40 of 3rd period - Shot Hit the Post.
9:42 of 3rd period - Shot by Marc-Edouard Vlasic.
9:42 of 3rd period - Shot Misses the Net.
10:09 of 3rd period - Shot by Ryan Getzlaf.
10:09 of 3rd period - Stopped by Sergei Bobrovsky without a rebound.
10:10 of 3rd period - Sean Monahan wins face-off versus Jason Spezza in EDMONTON Oilers zone.
10:19 of 3rd period - Shot by Ron Hainsey.
10:19 of 3rd period - Deflect By Taylor Hall.
10:19 of 3rd period - Stopped by Sergei Bobrovsky without a rebound.
10:20 of 3rd period - David Desharnais wins face-off versus Vladislav Namestnikov in EDMONTON Oilers zone.
10:45 of 3rd period - Zach Werenski is hit by Josh Morrissey.
10:47 of 3rd period - Shot by Kyle Okposo.
10:47 of 3rd period - Stopped by Sergei Bobrovsky without a rebound.
10:48 of 3rd period - Mark Letestu wins face-off versus J.T. Miller in EDMONTON Oilers zone.
11:11 of 3rd period - Shot by J.T. Miller.
11:11 of 3rd period - Deflect By Taylor Hall.
11:11 of 3rd period - Goal by Taylor Hall - EDMONTON Oilers : 2 - MINNESOTA Wild : 4.
11:12 of 3rd period - Ryan Getzlaf wins face-off versus David Desharnais in neutral zone.
11:30 of 3rd period - Shot by Mike Hoffman.
11:30 of 3rd period - Stopped by Pekka Rinne without a rebound.
11:31 of 3rd period - Sean Monahan wins face-off versus Mark Letestu in MINNESOTA Wild zone.
11:33 of 3rd period - Icing by Taylor Hall.
11:34 of 3rd period - David Desharnais wins face-off versus Sean Monahan in MINNESOTA Wild zone.
11:52 of 3rd period - Icing by Marc-Edouard Vlasic.
11:53 of 3rd period - Sean Monahan wins face-off versus Brian Flynn in MINNESOTA Wild zone.
11:53 of 3rd period - Sean Monahan is hit by Mark Letestu.
11:58 of 3rd period - Marc-Edouard Vlasic is hit by Jimmy Vesey and loses puck.
12:09 of 3rd period - Shot by Jimmy Vesey.
12:09 of 3rd period - Shot Misses the Net.
12:12 of 3rd period - Icing by Marc-Edouard Vlasic.
12:13 of 3rd period - David Desharnais wins face-off versus Sean Monahan in MINNESOTA Wild zone.
12:57 of 3rd period - Icing by Jason Spezza.
12:58 of 3rd period - David Desharnais wins face-off versus Ryan Getzlaf in EDMONTON Oilers zone.
13:02 of 3rd period - Off-side.
13:03 of 3rd period - Ryan Getzlaf wins face-off versus Mark Letestu in neutral zone.
13:26 of 3rd period - Shot by Nikita Kucherov.
13:26 of 3rd period - Shot Blocked by Brad Hunt.
13:38 of 3rd period - Shot by Mark Letestu.
13:38 of 3rd period - Shot Misses the Net.
13:40 of 3rd period - Shot by Mark Letestu.
13:40 of 3rd period - Goal by Mark Letestu - EDMONTON Oilers : 3 - MINNESOTA Wild : 4.
13:41 of 3rd period - Leo Komarov wins face-off versus Vladislav Namestnikov in neutral zone.
13:54 of 3rd period - Shot by Mike Hoffman.
13:54 of 3rd period - Shot Misses the Net.
14:12 of 3rd period - Shot by Yanni Gourde.
14:12 of 3rd period - Stopped by Sergei Bobrovsky without a rebound.
14:13 of 3rd period - Jason Spezza wins face-off versus Sean Monahan in EDMONTON Oilers zone.
15:14 of 3rd period - Shot by Mark Letestu.
15:14 of 3rd period - Stopped by Pekka Rinne without a rebound.
15:15 of 3rd period - Ryan Getzlaf wins face-off versus Mike Hoffman in MINNESOTA Wild zone.
15:30 of 3rd period - Zach Werenski is hit by Leo Komarov and loses puck.
15:45 of 3rd period - Shot by James van Riemsdyk.
15:45 of 3rd period - Stopped by Sergei Bobrovsky with a rebound.
16:25 of 3rd period - Shot by Jimmy Vesey.
16:25 of 3rd period - Stopped by Pekka Rinne without a rebound.
16:26 of 3rd period - Sean Monahan wins face-off versus Jason Spezza in MINNESOTA Wild zone.
16:33 of 3rd period - Shot by Sean Monahan.
16:33 of 3rd period - Shot Misses the Net.
16:35 of 3rd period - Shot by Marc-Edouard Vlasic.
16:35 of 3rd period - Deflect By Taylor Hall.
16:35 of 3rd period - Stopped by Sergei Bobrovsky without a rebound.
16:36 of 3rd period - Vladislav Namestnikov wins face-off versus David Desharnais in EDMONTON Oilers zone.
16:46 of 3rd period - David Desharnais is hit by Alex Pietrangelo and loses puck.
16:53 of 3rd period - David Desharnais is hit by Vladislav Namestnikov and loses puck.
17:12 of 3rd period - Shot by Vladislav Namestnikov.
17:12 of 3rd period - Stopped by Sergei Bobrovsky without a rebound.
17:13 of 3rd period - Mark Letestu wins face-off versus Sean Monahan in EDMONTON Oilers zone.
17:13 of 3rd period - Mark Letestu is hit by J.T. Miller.
17:31 of 3rd period - Shot by Sean Monahan.
17:31 of 3rd period - Stopped by Sergei Bobrovsky without a rebound.
17:32 of 3rd period - Mike Hoffman wins face-off versus Ryan Getzlaf in EDMONTON Oilers zone.
17:32 of 3rd period - Mike Hoffman is hit by Ryan Getzlaf.
17:47 of 3rd period - Shot by James van Riemsdyk.
17:47 of 3rd period - Stopped by Sergei Bobrovsky with a rebound.
17:49 of 3rd period - Shot by Ron Hainsey.
17:49 of 3rd period - Stopped by Sergei Bobrovsky without a rebound.
17:50 of 3rd period - Sean Monahan wins face-off versus Jason Spezza in EDMONTON Oilers zone.
17:57 of 3rd period - Shot by Taylor Hall.
17:57 of 3rd period - Shot Blocked by Cody Franson.
17:59 of 3rd period - Shot by Alex Pietrangelo.
17:59 of 3rd period - Stopped by Sergei Bobrovsky without a rebound.
18:00 of 3rd period - Ryan Getzlaf wins face-off versus Mark Letestu in EDMONTON Oilers zone.
18:34 of 3rd period - Shot by Marc-Edouard Vlasic.
18:34 of 3rd period - Shot Misses the Net.
18:55 of 3rd period - Icing by Mike Hoffman.
18:56 of 3rd period - Jason Spezza wins face-off versus Sean Monahan in EDMONTON Oilers zone.
19:01 of 3rd period - EDMONTON Oilers, Sergei Bobrovsky is pulled from the net.
19:19 of 3rd period - Shot by Taylor Hall.
19:19 of 3rd period - Goal by Taylor Hall - EDMONTON Oilers : 3 - MINNESOTA Wild : 5.
19:19 of 3rd period - Sergei Bobrovsky from EDMONTON Oilers was sent back in the game.
19:20 of 3rd period - Vladislav Namestnikov wins face-off versus Mike Hoffman in neutral zone.
19:20 of 3rd period - Morgan Rielly is hit by Leo Komarov and loses puck.
19:45 of 3rd period - Shot by Yanni Gourde.
19:45 of 3rd period - Goal by Yanni Gourde - EDMONTON Oilers : 3 - MINNESOTA Wild : 6.
19:46 of 3rd period - Sean Monahan wins face-off versus Sam Gagner in neutral zone.
19:53 of 3rd period - Shot by Taylor Hall.
19:53 of 3rd period - Shot Blocked by Cody Franson.
19:55 of 3rd period - Shot by Sean Monahan.
19:55 of 3rd period - Stopped by Sergei Bobrovsky without a rebound.
19:56 of 3rd period - Brian Flynn wins face-off versus Ryan Getzlaf in EDMONTON Oilers zone.
Goals for this period are 1 for EDMONTON Oilers vs 3 for MINNESOTA Wild.
Shots for this period are 7 for EDMONTON Oilers vs 21 for MINNESOTA Wild.